 Dungeon Crawl Stone Soup version 0.23.2-1-ga50397a6bc (webtiles) character file.

Game seed: 13391448778662820822

151 H0rd4k the Charlatan (level 5, -7/38 HPs)
             Began as a Human Artificer on May 22, 2019.
             Killed themself with a badly aimed fireball (18 damage)
             ... in a sewer.
             The game lasted 00:04:08 (2835 turns).

H0rd4k the Charlatan (Human Artificer)              Turns: 2835, Time: 00:04:08

Health: -7/38      AC:  3    Str: 13    XL:     5   Next: 60%
Magic:  7/7        EV: 12    Int: 12    God:
Gold:   55         SH:  0    Dex: 13    Spells: 4/4 levels left

rFire    . . .     SeeInvis .   a - +0 short sword
rCold    . . .     Gourm    .   (no shield)
rNeg     . . .     Faith    .   b - +0 leather armour
rPois    .         Spirit   .   (no helmet)
rElec    .         Reflect  .   (no cloak)
rCorr    .         Harm     .   (no gloves)
MR       .....                  (no boots)
Stlth    ++........             (no amulet)
HPRegen  0.12/turn              (no ring)
MPRegen  0.10/turn              (no ring)

@: no status effects
A: no striking features
a: no special abilities


You were in a sewer.
You were not hungry.

You visited 1 branch of the dungeon, and saw 3 of its levels.
You also visited: Sewer.

You collected 55 gold pieces.

Inventory:

Hand Weapons
 a - a +0 short sword (weapon)
Missiles
 q - 7 tomahawks (quivered)
Armour
 b - a +0 leather armour (worn)
Jewellery
 l - a +2 ring of evasion {unknown}
Wands
 c - a wand of flame (12)
 d - a wand of enslavement (15)
 e - a wand of random effects (6)
Scrolls
 h - a scroll of blinking {unknown}
 j - 2 scrolls of identify {unknown}
 k - 2 scrolls of magic mapping {unknown}
 m - 3 scrolls of remove curse {unknown}
 o - a scroll of noise {unknown}
 p - a scroll of enchant armour {unknown}
 s - 2 scrolls of teleportation {unknown}
 u - a scroll of immolation {unknown}
Potions
 g - 2 potions of haste {unknown}
 i - 3 potions of curing {unknown}
 n - 3 potions of brilliance {unknown}
 r - a potion of heal wounds {unknown}
 t - a potion of degeneration {unknown}
Comestibles
 f - 6 rations


   Skills:
 + Level 1.7 Fighting
 + Level 2.7 Short Blades
 + Level 1.9 Armour
 + Level 2.6 Dodging
 + Level 1.6 Stealth
 + Level 3.6 Evocations


You had 4 spell levels left.
You didn't know any spells.
Your spell library was empty.

Dungeon Overview and Level Annotations

Branches:
Dungeon (3/15)

Altars:

Annotations:
D:3 exclusion: adder


Message History

The bolt of poison hits the rat!!
You kill the rat!
The bolt of poison misses the river rat.
The river rat misses you.
Evoke which item? (* to show all) (? for menu, Esc to quit)
Aiming: Random Effects
Press: ? - help, Shift-Dir - straight line, f/p - river rat
Aim: a river rat (heavily wounded, fast)
The river rat struggles to resist.
The river rat twitches its whiskers.
The river rat bites you. x2
* * * LOW HITPOINT WARNING * * *
Evoke which item? (* to show all) (? for menu, Esc to quit)
Aiming: Random Effects
Press: ? - help, Shift-Dir - straight line, f/p - river rat
Aim: a river rat (heavily wounded, fast)
The fireball explodes!
The fireball engulfs the river rat!
You kill the river rat!
The fireball engulfs you!!
You die... ############### #..r.r.@.r....≈ ###############

You could see 2 river rats and a rat.

Vanquished Creatures
  Jessica (D:2)
  Terence (D:2)
  A gnoll (D:1)
  A river rat (Sewer)
  2 adders
  A worm (D:2)
  4 dart slugs
  2 leopard geckos
  A ball python (D:2)
  A giant cockroach (D:1)
  7 goblins
  8 hobgoblins
  2 jackals (D:1)
  3 bats (D:1)
  6 frilled lizards
  9 kobolds
  3 rats
53 creatures vanquished.

Notes
Turn   | Place    | Note
-------+----------+-------------------------------------------
     0 | D:1      | H0rd4k the Human Artificer began the quest for the Orb.
     0 | D:1      | Reached XP level 1. HP: 15/15 MP: 3/3
    55 | D:1      | Reached XP level 2. HP: 9/21 MP: 4/4
   469 | D:1      | Reached XP level 3. HP: 10/26 MP: 5/5
  1160 | D:2      | Found a faded altar of an unknown god.
  1244 | D:2      | Reached XP level 4. HP: 14/32 MP: 6/6
  1381 | D:2      | Noticed Terence
  1426 | D:2      | Reached skill level 1 in Armour
  1562 | D:2      | Killed Terence
  1852 | D:2      | Noticed Jessica
  1870 | D:2      | Killed Jessica
  1870 | D:2      | Reached XP level 5. HP: 6/38 MP: 7/7
  2802 | D:3      | Found a glowing drain.
  2831 | Sewer    | Entered a sewer
  2835 | Sewer    | Killed themself with a badly aimed fireball

Skill      XL: |  1  2  3  4 |
---------------+-------------+-----
Armour         | 1 |  1.9
Short Blades   | 2 |  2.7
Fighting       | |  1.7
Dodging        | |  2.6
Stealth        | |  1.6
Evocations     | |  3.6

Action                   |  1- 3 |  4- 6 || total
-------------------------+-------+-------++-------
Melee: Short sword       |   141 |    93 ||   234
Evoke: Wand              |       |    12 ||    12
 Stab: Sleeping          |     2 |       ||     2
       Confused          |       |     2 ||     2
  Eat: Chunk             |     1 |     5 ||     6
Armor: Leather armour    |    46 |     7 ||    53
Dodge: Dodged            |   112 |    42 ||   154
